Workbook

Sheet MAESTRO
A1: N° | B1: PRECEDENCIA | C1: FUENTE | E1: TRIBUNA | F1: NOMBRE COMPLETO | G1: NOMBRE | H1: APE. P. | I1: APE. M. | J1: AST. | K1: CARGO | L1: OBSERVACIONES
A2: 1 | B2: 1 | C2: OPA | D2: Su Excelencia | E2: VIP | F2: Kast Rist, José Antonio | G2: José Antonio | H2: Kast | I2: Rist | J2: PENDIENTE | K2: * Presidente de la República
A3: 2 | B3: 2 | C3: OPA | D3: Primera Dama | E3: VIP | F3: Adriasola Barroihet, María Pía | G3: María Pía | H3: Adriasola | I3: Barroihet | J3: PENDIENTE | K3: Esposa del Presidente de la República
A4: 3 | B4: 3 | C4: OPA | D4: Ministro | E4: VIP | F4: Barros Tocornal, Fernando | G4: Fernando | H4: Barros | I4: Tocornal | J4: SI | K4: *Ministro de Defensa Nacional
A5: 4 | B5: 4 | C5: OPA | D5: Almirante | E5: VIP | F5: Cabrera Salazar, Fernando | G5: Fernando | H5: Cabrera | I5: Salazar | J5: SI | K5: *Comandante en Jefe de la Armada
A6: 5 | B6: 5 | C6: OPA | D6: Señora | E6: VIP | F6: Mery, Roxana | G6: Roxana | H6: Mery | I6: Casella | J6: SI | K6: Esposa del Comandante en Jefe de la Armada
A7: 6 | B7: 6 | C7: OPA | E7: VIP | F7: Morel Montes, María Cecilia | G7: María Cecilia | H7: Morel | I7: Montes | J7: PENDIENTE | K7: Ex - Primera Dama
A8: 7 | B8: 7 | C8: OPA | D8: Honorable Senador | E8: VIP | F8: Núñez Urrutia, Paulina | G8: Paulina | H8: Núñez | I8: Urrutia | J8: NO | K8: Presidenta del Senado
A9: 8 | B9: 8 | C9: OPA | D9: Honorable Diputado | E9: VIP | F9: Alessandri Vergara, Jorge | G9: Jorge | H9: Alessandri | I9: Vergara | J9: NO | K9: Presidente de la Cámara de Diputados
A10: 9 | B10: 9 | C10: OPA | E10: VIP | F10: Boric Font, Gabriel | G10: Gabriel | H10: Boric | I10: Font | J10: PENDIENTE | K10: Ex Presidente de la República
A11: 10 | B11: 10 | C11: OPA | E11: VIP | F11: Bachelet Jeria, Michelle | G11: Michelle | H11: Bachelet | I11: Jeria | J11: PENDIENTE | K11: Ex Presidenta de la República
A12: 11 | B12: 11 | C12: OPA | E12: VIP | F12: Lagos Escobar, Ricardo | G12: Ricardo | H12: Lagos | I12: Escobar | J12: PENDIENTE | K12: Ex Presidente de la República
A13: 12 | B13: 12 | C13: OPA | E13: VIP | F13: Frei Ruiz-tagle, Eduardo | G13: Eduardo | H13: Frei | I13: Ruiz-tagle | J13: PENDIENTE | K13: Ex Presidente de la República
A14: 13 | B14: 13 | C14: OPA | E14: VIP | F14: Marzi Muñoz, Daniela | G14: Daniela | H14: Marzi | I14: Muñoz | J14: PENDIENTE | K14: Presidenta del Tribunal Constitucional
A15: 14 | B15: 14 | C15: OPA | D15: Contralora | E15: VIP | F15: Pérez Gutiérrez, Dorothy | G15: Dorothy | H15: Pérez | I15: Gutiérrez | J15: NO | K15: Contralora General de la República
A16: 15 | B16: 15 | C16: OPA | D16: Fiscal | E16: VIP | F16: Valencia Vásquez, Ángel | G16: Ángel | H16: Valencia | I16: Vásquez | J16: PENDIENTE | K16: Fiscal Nacional del Ministerio Público
A17: 16 | B17: 16 | C17: OPA | D17: Ministro | E17: VIP | F17: Alvarado Andrade, Claudio | G17: Claudio | H17: Alvarado | I17: Andrade | J17: PENDIENTE | K17: Biministro del Interior y Secretario General de Gobierno
A18: 17 | B18: 17 | C18: OPA | D18: Ministro | E18: VIP | F18: Pérez Mackenna, Francisco | G18: Francisco | H18: Pérez | I18: Mackenna | J18: NO | K18: Ministro de Relaciones Exteriores
A19: 18 | B19: 18 | C19: OPA | D19: Ministro | E19: VIP | F19: Quiroz Castro, Jorge | G19: Jorge | H19: Quiroz | I19: Castro | J19: PENDIENTE | K19: Ministro de Hacienda
A20: 19 | B20: 19 | C20: OPA | D20: Ministro | E20: VIP | F20: Mas Valdés, Daniel | G20: Daniel | H20: Mas | I20: Valdés | J20: NO | K20: Biministro de Minería, Economía y Turismo
A21: 20 | B21: 20 | C21: OPA | D21: Ministro | E21: VIP | F21: Arzola González, María Paz | G21: María Paz | H21: Arzola | I21: González | J21: PENDIENTE | K21: Ministra de Educación
A22: 21 | B22: 21 | C22: OPA | D22: Ministro | E22: VIP | F22: De Grange Concha, Louis | G22: Louis | H22: De Grange | I22: Concha | J22: NO | K22: Biministro de Obras Publicas, Transporte y Telecomunicaciones
A23: 22 | B23: 22 | C23: OPA | D23: Ministro | E23: VIP | F23: Parot Donoso, Catalina | G23: Catalina | H23: Parot | I23: Donoso | J23: PENDIENTE | K23: Ministra de Bienes Nacionales
A24: 23 | B24: 23 | C24: OPA | D24: Ministro | E24: VIP | F24: Rincón González, Ximena | G24: Ximena | H24: Rincón | I24: González | J24: PENDIENTE | K24: Ministra de Energía
A25: 24 | B25: 24 | C25: OPA | D25: Ministro | E25: VIP | F25: Toledo Echegaray, Francisca | G25: Francisca | H25: Toledo | I25: Echegaray | J25: PENDIENTE | K25: Ministra del Medio Ambiente
A26: 25 | B26: 25 | C26: OPA | D26: Ministro | E26: VIP | F26: Undurruga Gazitúa, Francisco | G26: Francisco | H26: Undurruga | I26: Gazitúa | J26: PENDIENTE | K26: Ministro de las Culturas, las Artes y el Patrimonio
... A30: 29 | B30: 29 | C30: OPA | D30: Ministro | E30: VIP | F30: Delpiano Puelma, Adriana | G30: Adriana | H30: Delpiano | I30: Puelma | J30: PENDIENTE | K30: Ex Ministra de Defensa Nacional
A31: 30 | B31: 30 | C31: OPA | D31: Excelentísima | E31: VIP | F31: El Ghali, Kenza | G31: Kenza | H31: El Ghali | J31: PENDIENTE | K31: Embajador de Marruecos
A32: 31 | B32: 31 | C32: OPA | D32: Excelentísima | E32: VIP | F32: Soares Pacheco, Paulo | G32: Paulo | H32: Soares | I32: Pacheco | J32: PENDIENTE | K32: Embajador de Brasil en Chile
A33: 32 | B33: 32 | C33: OPA | D33: Excelentísima | E33: VIP | F33: Qingbao, Niu | G33: Niu | H33: Qingbao | J33: PENDIENTE | K33: Embajador de la República Popular China en Chile
A34: 33 | B34: 33 | C34: OPA | D34: Excelentísima | E34: VIP | F34: Kotkajarvi, Johanna | G34: Johanna | H34: Kotkajarvi | J34: PENDIENTE | K34: Embajadora de Finlandia en Chile
A35: 34 | B35: 34 | C35: OPA | D35: Excelentísima | E35: VIP | F35: Biagiotti, Valeria | G35: Valeria | H35: Biagiotti | J35: PENDIENTE | K35: Embajadora de Italia en Chile
A36: 35 | B36: 35 | C36: OPA | D36: Excelentísima | E36: VIP | F36: Jae Kim, Hak | G36: Hak | H36: Jae Kim | J36: NO | K36: Embajadora de Corea en Chile
A37: 36 | B37: 36 | C37: OPA | D37: Excelentísima | E37: VIP | F37: Moreno Rodriguez, Laura | G37: Laura | H37: Moreno | I37: Rodriguez | J37: PENDIENTE | K37: Embajadora de Mexico en Chile
A38: 37 | B38: 37 | C38: OPA | D38: Excelentísima | E38: VIP | F38: Faurie, Jorge | G38: Jorge | H38: Faurie | J38: NO | K38: Embajador de Argentina en Chile
A39: 38 | B39: 38 | C39: OPA | D39: Excelentísima | E39: VIP | F39: Barrit Martin, Andrew James | G39: Andrew James | H39: Barrit | I39: Martin | J39: PENDIENTE | K39: Embajador de Australia en Chile
A40: 39 | B40: 39 | C40: OPA | D40: Excelentísima | E40: VIP | F40: Rogeau, Cyrille | G40: Cyrille | H40: Rogeau | J40: SI | K40: Embajador de Francia en Chile
A41: 40 | B41: 40 | C41: OPA | D41: Excelentísima | E41: VIP | F41: Courtny, Daniela | G41: Daniela | H41: Rigoli | J41: NO | K41: Embajador de Nueva Zelandia en Chile
A42: 41 | B42: 41 | C42: OPA | D42: Excelentísima | E42: VIP | F42: Ihsan Kiziltan, Ahmet | G42: Ahmet | H42: Ihsan | I42: Kiziltan | J42: PENDIENTE | K42: Embajadora de Turquia en Chile
A43: 42 | B43: 42 | C43: OPA | D43: Excelentísima | E43: VIP | F43: Fries-gaier, Susanne | G43: Susanne | H43: Fries-gaier | J43: NO | K43: Embajadora de Alemania en Chile
A44: 43 | B44: 43 | C44: OPA | D44: Excelentísima | E44: VIP | F44: Guanumen Parra, Sebastián | G44: Sebastián | H44: Guanumen | I44: Parra | J44: SI | K44: Embajador de Colombia en Chile
A45: 44 | B45: 44 | C45: OPA | D45: Excelentísima | E45: VIP | F45: Guay Guay, Karolina Linda | G45: Karolina Linda | H45: Guay | I45: Guay | J45: SI | K45: Embajadora de Canadá en Chile
A46: 45 | B46: 45 | C46: OPA | D46: Excelentísima | E46: VIP | F46: Pollen Nilsen, Per | G46: Per | H46: Pollen | I46: Nilsen | J46: PENDIENTE | K46: Embajador de Noruega en Chile
A47: 46 | B47: 46 | C47: OPA | D47: Excelentísima | E47: VIP | F47: Rocanova Rodríguez, Ana Inés | G47: Ana Inés | H47: Rocanova | I47: Rodríguez | J47: PENDIENTE | K47: Embajadora de la República Oriental del Uruguay en Chile
A48: 47 | B48: 47 | C48: OPA | D48: Excelentísima | E48: VIP | F48: Schaapveld E/v Merks, Elke | G48: Elke | H48: Schaapveld | I48: E/v Merks | J48: SI | K48: Embajadora de los Países Bajos en Chile
A49: 48 | B49: 48 | C49: OPA | D49: Excelentísima | E49: VIP | F49: Andrade Abdo, Lotty Farah | G49: Lotty Farah | H49: Andrade | I49: Abdo | J49: PENDIENTE | K49: Embajadora de Ecuador en Chile
A50: 49 | B50: 49 | C50: OPA | D50: Excelentísima | E50: VIP | F50: Camino Cannock, Peter | G50: Peter | H50: Camino | I50: Cannock | J50: PENDIENTE | K50: Embajador de Perú en Chile
A51: 50 | B51: 50 | C51: OPA | D51: Excelentísima | E51: VIP | F51: Oroz Ulibarri, Laura | G51: Laura | H51: Oroz | I51: Ulibarri | J51: SI | K51: Embajadora de España en Chile
A52: 51 | B52: 51 | C52: OPA | D52: Excelentísima | E52: VIP | F52: Sone, Kenko | G52: Sone | H52: Kenko | J52: SI | K52: Embajadora de Japón en Chile
A53: 52 | B53: 52 | C53: OPA | D53: Excelentísima | E53: VIP | F53: Wiklund, Tomás | G53: Eva Sofia | H53: Karlberg | J53: PENDIENTE | K53: Embajador del Reino de Suecia en Chile
A54: 53 | B54: 53 | C54: OPA | D54: Excelentísima | E54: VIP | F54: Judd, Brandon | G54: Brandon | H54: Judd | J54: NO | K54: Embajador de Estados Unidos de América en Chile
A55: 54 | B55: 54 | C55: OPA | D55: Excelentísima | E55: VIP | F55: Lewi, Peleg | G55: Peleg | H55: Lewi | J55: SI | K55: Embajadora de Israel en Chile
A56: 55 | B56: 55 | C56: OPA | D56: Excelentísima | E56: VIP | F56: Concar, David | G56: David | H56: Concar | J56: PENDIENTE | K56: Embajador del Reino Unido de Gran Bretaña e Irlanda del Norte en Chile
A57: 56 | B57: 56 | C57: OPA | D57: Almirante | E57: VIP | F57: Larrañaga Martin, Enrique | G57: Enrique | H57: Larrañaga | I57: Martin | J57: SI | K57: Ex - Comandante en Jefe de la Armada
A58: 57 | B58: 57 | C58: OPA | D58: Almirante | E58: VIP | F58: Leiva Molina, Julio | G58: Julio | H58: Leiva | I58: Molina | J58: SI | K58: Ex - Comandante en Jefe de la Armada
A59: 58 | B59: 58 | C59: OPA | D59: General | E59: VIP | F59: Varela Sabando, Pedro | G59: Pedro | H59: Varela | I59: Sabando | J59: PENDIENTE | K59: *Comandante en Jefe del Ejército
A60: 59 | B60: 59 | C60: OPA | D60: General | E60: VIP | F60: Rodríguez González, Hugo | G60: Máximo | H60: Venegas | I60: Raggio | J60: SI | K60: *Comandante en Jefe de la Fuerza Aérea de Chile (S)
A61: 60 | B61: 60 | C61: OPA | D61: General Director | E61: VIP | F61: Araya Zapata, Marcelo | G61: Marcelo | H61: Araya | I61: Zapata | J61: SI | K61: *General Director de Carabineros de Chile
A62: 61 | B62: 61 | C62: OPA | D62: Director General | E62: VIP | F62: Cerna Lozano, Eduardo | G62: Eduardo | H62: Cerna | I62: Lozano | J62: PENDIENTE | K62: *Director General de la Policía de Investigaciones de Chile
A63: 62 | B63: 62 | C63: OPA | D63: Almirante | E63: VIP | F63: Arancibia Reyes, Jorge Patricio | G63: Jorge Patricio | H63: Arancibia | I63: Reyes | J63: NO | K63: Ex - Comandante en Jefe de la Armada
A64: 63 | B64: 63 | C64: OPA | D64: Almirante | E64: VIP | F64: Vergara Villalobos, Miguel Ángel | G64: Miguel Ángel | H64: Vergara | I64: Villalobos | J64: NO | K64: Ex - Comandante en Jefe de la Armada
A65: 64 | B65: 64 | C65: OPA | D65: Almirante | E65: VIP | F65: Codina Díaz, Rodolfo | G65: Rodolfo | H65: Codina | I65: Díaz | J65: PENDIENTE | K65: Ex - Comandante en Jefe de la Armada
A66: 65 | B66: 65 | C66: OPA | D66: Almirante | E66: VIP | F66: González Robles, Edmundo | G66: Edmundo | H66: González | I66: Robles | J66: NO | K66: Ex - Comandante en Jefe de la Armada
A67: 66 | B67: 66 | C67: OPA | D67: Señora | E67: VIP | F67: Larrañaga Martin, Marcela | G67: Marcela | H67: Larrañaga | I67: Martin | J67: SI | K67: Madrina
A68: 67 | B68: 67 | C68: OPA | D68: Almirante | E68: VIP | F68: De la Maza Larraín, Juan Andrés | G68: Juan Andrés | H68: De la Maza | I68: Larraín | J68: NO | K68: Ex - Comandante en Jefe de la Armada
... A132: 131 | B132: 131 | C132: OPA | D132: Vicealmirante | E132: VIP | F132: Cacho Morán, Julio | G132: Julio | H132: Cacho | I132: Morán | J132: SI | K132: *Jefe del Estado Mayor de la Armada de Perú
A133: 132 | C133: OPA | D133: Señora | E133: VIP | G133: Cecy Sirena | H133: Quijada | I133: Pérez | J133: SI | K133: Esposa Comandante en Jefe de la Armada de Perú-.
A134: 133 | B134: 132 | C134: OPA | D134: Subsecretario | E134: VIP | F134: De la Maza Riquelme, Cristián | G134: Cristián | H134: De la Maza | I134: Riquelme | J134: NO | K134: Ex Subsecretario de Defensa
A135: 134 | B135: 133 | C135: OPA | D135: Vicealmirante | E135: LATERAL | F135: Navajas Santini, Ramiro | G135: Ramiro | H135: Navajas | I135: Santini | J135: SI | K135: DTS
A136: 135 | B136: 134 | C136: OPA | E136: VIP | F136: Ugarte Millán, Catalina | G136: Catalina | H136: Ugarte | I136: Millán | J136: PENDIENTE | K136: Jefe Gabinete Precidencial
A137: 136 | B137: 135 | C137: OPA | E137: VIP | F137: Mujica Castro, José Ignacio | G137: José Ignacio | H137: Mujica | I137: Castro | J137: PENDIENTE | K137: Vicepresidente Corfo
A138: 137 | B138: 136 | C138: OPA | D138: Señor | E138: VIP | F138: Zapata González, Elizabeth | G138: Elizabeth | H138: Zapata | I138: González | J138: PENDIENTE | K138: Directora Desarrollo Tecnológico Corfo y Directora Ejecutiva Comité de Construcción Naval
A139: 138 | B139: 137 | C139: OPA | E139: VIP | F139: Browne Hurtado, Santiago | G139: Santiago | H139: Browne | I139: Hurtado | J139: SI | K139: Gerente de Asuntos Estratégicos (s) de Corfo
A140: 139 | B140: 138 | C140: OPA | E140: VIP | F140: Bustos, Óscar | G140: Óscar | H140: Bustos | J140: NO | K140: Jefe División de Desarrollo Tecnológico e Industria Consejo Directivo de Construcción Naval
A141: 140 | B141: 139 | C141: OPA | E141: VIP | F141: Carrasco, Patricio | G141: Patricio | H141: Carrasco | I141: Alvarez | J141: NO | K141: Jefe Depto. de Investigación Desarrollo e Innovación Consejo Directivo de Construcción Naval
A142: 141 | B142: 140 | C142: OPA | E142: VIP | F142: Coronado, Carla | G142: Carla | H142: Coronado | J142: PENDIENTE | K142: Asesora Ministerio Consejo Directivo de Construcción Naval
A143: 142 | B143: 141 | C143: OPA | E143: VIP | F143: Hentzschel, Fernando | G143: Fernando | H143: Hentzschel | J143: PENDIENTE | K143: Gerente de Capacidades Tecnológicas Consejo Directivo de Construcción Naval
A144: 143 | B144: 142 | C144: OPA | E144: VIP | F144: Von Appen, Richard | G144: Richard | H144: Von Appen | I144: Lahres | J144: PENDIENTE | K144: Presidente Ultramar
A145: 144 | B145: 143 | C145: OPA | E145: VIP | F145: Fernández Ruiz, Ignacio | G145: Ignacio | H145: Fernández | I145: Ruiz | J145: PENDIENTE | K145: Directror General de Prochile
A146: 145 | B146: 144 | C146: OPA | D146: Señor | E146: VIP | F146: Dettloff Beros, Carlos | G146: Carlos | H146: Dettloff | I146: Beros | J146: NO | K146: Director de Fronteras y Límites
A147: 146 | B147: 145 | C147: OPA | E147: VIP | F147: Gómez, José Pablo | G147: José Pablo | H147: Gómez | J147: PENDIENTE | K147: Dirección de Presupuesto
A148: 147 | B148: 146 | C148: OPA | D148: Señor | E148: VIP | F148: Llodrá Vial, José Ignacio | G148: José Ignacio | H148: Llodrá | I148: Vial | J148: PENDIENTE | K148: Subdirector de Racionalización y Función Pública
A149: 148 | B149: 147 | C149: OPA | D149: Señor | E149: VIP | F149: López Lara, Andrés | G149: Andrés | H149: López | I149: Lara | J149: PENDIENTE | K149: Director Instituto Antártico Chileno
A150: 149 | B150: 148 | C150: OPA | E150: VIP | F150: Granifo, Pablo | G150: Pablo | H150: Granifo | J150: NO | K150: Banco Chile
A151: 150 | B151: 149 | C151: OPA | E151: VIP | F151: Ebensberger, Eduardo | G151: Eduardo | H151: Ebensberger | J151: NO | K151: Banco Chile
A152: 151 | B152: 150 | C152: OPA | E152: VIP | F152: Brancoli, Francisco | G152: Francisco | H152: Brancoli | J152: NO | K152: Banco Chile
A153: 152 | B153: 151 | C153: OPA | E153: VIP | F153: Yarur, Ignacio | G153: Ignacio | H153: Yarur | J153: NO | K153: Banco BCI
A154: 153 | B154: 152 | C154: OPA | E154: VIP | F154: Trautmann, Andrés | G154: Andrés | H154: Trautmann | J154: PENDIENTE | K154: Banco Santander
A155: 154 | B155: 153 | C155: OPA | D155: Ministro | E155: VIP | F155: Coopman Corral, Javier | G155: Javier | H155: Coopman | I155: Corral | J155: PENDIENTE | K155: Jefe Gabinete Ministro de Defensa
A156: 155 | B156: 154 | C156: OPA | D156: Subsecretario | E156: VIP | F156: Carvajal Madariaga, Bárbara | G156: Bárbara | H156: Carvajal | I156: Madariaga | J156: PENDIENTE | K156: Jefa de Gabinete Subsecretario para las FF.AA.
A157: 156 | B157: 155 | C157: OPA | D157: Subsecretario | E157: VIP | F157: Lira, Pablo | G157: Pablo | H157: Lira | J157: PENDIENTE | K157: Jefe Gabinete Subsecretario de Defensa
A158: 157 | B158: 156 | C158: OPA | D158: Rector | E158: VIP | F158: De la Llera Martin, Juan Carlos | G158: Juan Carlos | H158: De la Llera | I158: Martin | J158: PENDIENTE | K158: Rector Puc
A159: 158 | B159: 157 | C159: OPA | E159: VIP | F159: Irarrázabal Alfonso, Alejandro | G159: Alejandro | H159: Irarrázabal | I159: Alfonso | J159: PENDIENTE | K159: Jefe Asesor Presidencial
A160: 159 | B160: 158 | C160: OPA | E160: VIP | F160: Leiva Larrañaga, Constanza | G160: Constanza | H160: Leiva | I160: Larrañaga | J160: SI | K160: T2 Rny | L160: Madrina
A161: 160 | B161: 159 | C161: OPA | E161: VIP | F161: Leiva Larrañaga, Marcela Paz | G161: Marcela Paz | H161: Leiva | I161: Larrañaga | J161: SI | K161: Hija Madrina | L161: Madrina
A162: 161 | B162: 160 | C162: OPA | E162: VIP | F162: Pérez Cruz, Matias | G162: Matias | H162: Pérez | I162: Cruz | J162: SI | K162: Gerenete Perezcruz
A163: 162 | B163: 161 | C163: OPA | D163: Señora | E163: VIP | F163: Jeldes, Siria | G163: Siria | H163: Jeldes | J163: PENDIENTE | K163: Presidenta COOPEUCH | L163: Agregado al final OPA VIP
A164: 163 | B164: 162 | C164: OPA | D164: Señor | E164: VIP | F164: Arriagada, Andrés | G164: Andrés | H164: Arriagada | J164: PENDIENTE | K164: Presidente Caja Los Andes | L164: Agregado al final OPA VIP
A165: 164 | B165: 163 | C165: OPA | D165: Señor | E165: VIP | F165: Cornejo, Eugenio | G165: Eugenio | H165: Cornejo | J165: SI | K165: Presidente Mutual de Seguros de Chile | L165: Agregado al final OPA VIP
C166: OPA | D166: Señor | E166: VIP | G166: Francisco | H166: Alcorta | J166: PENDIENTE | K166: Asesor politico estrategico MINDEF
...

Sheet PATRON_COLORES
A1: FUENTE | B1: COLOR PATRON | C1: ALTERNANCIA | D1: CANTIDAD REGISTROS | E1: OBSERVACION
A2: OPA | B2: #DDEBF7 | C2: Color / Blanco | D2: 167 | E2: Fuente reagrupada y patrón aplicado
A3: OPA/ASMAR | B3: #EAF3F8 | C3: Color / Blanco | D3: 10 | E3: Fuente reagrupada y patrón aplicado
A4: OPA/DGSA | B4: #D9EAD3 | C4: Color / Blanco | D4: 8 | E4: Fuente reagrupada y patrón aplicado
A5: OPA/CIVILES | B5: #FFF2CC | C5: Color / Blanco | D5: 14 | E5: Fuente reagrupada y patrón aplicado
A6: OPA/MILITAR | B6: #EADCF8 | C6: Color / Blanco | D6: 18 | E6: Fuente reagrupada y patrón aplicado
A7: ACADÉMICOS | B7: #EADCF8 | C7: Color / Blanco | D7: 22 | E7: Fuente reagrupada y patrón aplicado
A8: MADRINA | B8: #D9EAD3 | C8: Color / Blanco | D8: 24 | E8: Fuente reagrupada y patrón aplicado
A9: INVITADOS DGSA | B9: #F4CCCC | C9: Color / Blanco | D9: 14 | E9: Fuente reagrupada y patrón aplicado
A10: CIVILES | B10: #FFF2CC | C10: Color / Blanco | D10: 3 | E10: Fuente reagrupada y patrón aplicado
A11: MILITARES | B11: #FCE5CD | C11: Color / Blanco | D11: 44 | E11: Fuente reagrupada y patrón aplicado
A12: MANDOS SEZONA | B12: #E2EFDA | C12: Color / Blanco | D12: 44 | E12: Fuente reagrupada y patrón aplicado
A13: INVITADOS ASMAR | B13: #EAF3F8 | C13: Color / Blanco | D13: 81 | E13: Fuente reagrupada y patrón aplicado
... A19: ASMAR MAG | B19: #EADCF8 | C19: Color / Blanco | D19: 8 | E19: Fuente reagrupada y patrón aplicado

Sheet CONTROL ASISTENCIA
A1: CONTROL DE ASISTENCIA POR FUENTE | H1: RESUMEN GENERAL
A3: FUENTE | B3: TOTAL INVITADOS | C3: SI | D3: NO | E3: PENDIENTE | F3: % CONF. | H3: INDICADOR | I3: VALOR
A4: OPA | B4: =COUNTIF(MAESTRO!$C:$C,A4) -> 171 | C4: =COUNTIFS(MAESTRO!$C:$C,A4,MAESTRO!$J:$J,"SI") -> 32 | D4: =COUNTIFS(MAESTRO!$C:$C,A4,MAESTRO!$J:$J,"NO") -> 32 | E4: =COUNTIFS(MAESTRO!$C:$C,A4,MAESTRO!$J:$J,"PENDIENTE") -> 107 | F4: =IF(B4=0,0,C4/B4) -> 0.1871345 | H4: Total invitados | I4: =B22 -> 648
A5: OPA/ASMAR | B5: =COUNTIF(MAESTRO!$C:$C,A5) -> 11 | C5: =COUNTIFS(MAESTRO!$C:$C,A5,MAESTRO!$J:$J,"SI") -> 4 | D5: =COUNTIFS(MAESTRO!$C:$C,A5,MAESTRO!$J:$J,"NO") -> 1 | E5: =COUNTIFS(MAESTRO!$C:$C,A5,MAESTRO!$J:$J,"PENDIENTE") -> 6 | F5: =IF(B5=0,0,C5/B5) -> 0.36363636 | H5: Confirmados SI | I5: =C22 -> 184
A6: OPA/DGSA | B6: =COUNTIF(MAESTRO!$C:$C,A6) -> 8 | C6: =COUNTIFS(MAESTRO!$C:$C,A6,MAESTRO!$J:$J,"SI") -> 2 | D6: =COUNTIFS(MAESTRO!$C:$C,A6,MAESTRO!$J:$J,"NO") -> 0 | E6: =COUNTIFS(MAESTRO!$C:$C,A6,MAESTRO!$J:$J,"PENDIENTE") -> 6 | F6: =IF(B6=0,0,C6/B6) -> 0.25 | H6: No asisten | I6: =D22 -> 50
A7: OPA/CIVILES | B7: =COUNTIF(MAESTRO!$C:$C,A7) -> 13 | C7: =COUNTIFS(MAESTRO!$C:$C,A7,MAESTRO!$J:$J,"SI") -> 2 | D7: =COUNTIFS(MAESTRO!$C:$C,A7,MAESTRO!$J:$J,"NO") -> 0 | E7: =COUNTIFS(MAESTRO!$C:$C,A7,MAESTRO!$J:$J,"PENDIENTE") -> 11 | F7: =IF(B7=0,0,C7/B7) -> 0.15384615 | H7: Pendientes | I7: =E22 -> 414
A8: OPA/MILITAR | B8: =COUNTIF(MAESTRO!$C:$C,A8) -> 19 | C8: =COUNTIFS(MAESTRO!$C:$C,A8,MAESTRO!$J:$J,"SI") -> 13 | D8: =COUNTIFS(MAESTRO!$C:$C,A8,MAESTRO!$J:$J,"NO") -> 0 | E8: =COUNTIFS(MAESTRO!$C:$C,A8,MAESTRO!$J:$J,"PENDIENTE") -> 6 | F8: =IF(B8=0,0,C8/B8) -> 0.68421053 | H8: % Confirmación | I8: =F22 -> 0.28395062
A9: ACADÉMICOS | B9: =COUNTIF(MAESTRO!$C:$C,A9) -> 22 | C9: =COUNTIFS(MAESTRO!$C:$C,A9,MAESTRO!$J:$J,"SI") -> 3 | D9: =COUNTIFS(MAESTRO!$C:$C,A9,MAESTRO!$J:$J,"NO") -> 0 | E9: =COUNTIFS(MAESTRO!$C:$C,A9,MAESTRO!$J:$J,"PENDIENTE") -> 19 | F9: =IF(B9=0,0,C9/B9) -> 0.13636364
A10: MADRINA | B10: =COUNTIF(MAESTRO!$C:$C,A10) -> 24 | C10: =COUNTIFS(MAESTRO!$C:$C,A10,MAESTRO!$J:$J,"SI") -> 6 | D10: =COUNTIFS(MAESTRO!$C:$C,A10,MAESTRO!$J:$J,"NO") -> 3 | E10: =COUNTIFS(MAESTRO!$C:$C,A10,MAESTRO!$J:$J,"PENDIENTE") -> 15 | F10: =IF(B10=0,0,C10/B10) -> 0.25
A11: INVITADOS DGSA | B11: =COUNTIF(MAESTRO!$C:$C,A11) -> 14 | C11: =COUNTIFS(MAESTRO!$C:$C,A11,MAESTRO!$J:$J,"SI") -> 1 | D11: =COUNTIFS(MAESTRO!$C:$C,A11,MAESTRO!$J:$J,"NO") -> 1 | E11: =COUNTIFS(MAESTRO!$C:$C,A11,MAESTRO!$J:$J,"PENDIENTE") -> 12 | F11: =IF(B11=0,0,C11/B11) -> 0.071428571
A12: CIVILES | B12: =COUNTIF(MAESTRO!$C:$C,A12) -> 3 | C12: =COUNTIFS(MAESTRO!$C:$C,A12,MAESTRO!$J:$J,"SI") -> 1 | D12: =COUNTIFS(MAESTRO!$C:$C,A12,MAESTRO!$J:$J,"NO") -> 0 | E12: =COUNTIFS(MAESTRO!$C:$C,A12,MAESTRO!$J:$J,"PENDIENTE") -> 2 | F12: =IF(B12=0,0,C12/B12) -> 0.33333333
A13: MILITARES | B13: =COUNTIF(MAESTRO!$C:$C,A13) -> 44 | C13: =COUNTIFS(MAESTRO!$C:$C,A13,MAESTRO!$J:$J,"SI") -> 5 | D13: =COUNTIFS(MAESTRO!$C:$C,A13,MAESTRO!$J:$J,"NO") -> 1 | E13: =COUNTIFS(MAESTRO!$C:$C,A13,MAESTRO!$J:$J,"PENDIENTE") -> 38 | F13: =IF(B13=0,0,C13/B13) -> 0.11363636
A14: MANDOS SEZONA | B14: =COUNTIF(MAESTRO!$C:$C,A14) -> 44 | C14: =COUNTIFS(MAESTRO!$C:$C,A14,MAESTRO!$J:$J,"SI") -> 0 | D14: =COUNTIFS(MAESTRO!$C:$C,A14,MAESTRO!$J:$J,"NO") -> 0 | E14: =COUNTIFS(MAESTRO!$C:$C,A14,MAESTRO!$J:$J,"PENDIENTE") -> 44 | F14: =IF(B14=0,0,C14/B14) -> 0
A15: INVITADOS ASMAR | B15: =COUNTIF(MAESTRO!$C:$C,A15) -> 80 | C15: =COUNTIFS(MAESTRO!$C:$C,A15,MAESTRO!$J:$J,"SI") -> 19 | D15: =COUNTIFS(MAESTRO!$C:$C,A15,MAESTRO!$J:$J,"NO") -> 6 | E15: =COUNTIFS(MAESTRO!$C:$C,A15,MAESTRO!$J:$J,"PENDIENTE") -> 55 | F15: =IF(B15=0,0,C15/B15) -> 0.2375
A16: PROVEEDORES | B16: =COUNTIF(MAESTRO!$C:$C,A16) -> 77 | C16: =COUNTIFS(MAESTRO!$C:$C,A16,MAESTRO!$J:$J,"SI") -> 27 | D16: =COUNTIFS(MAESTRO!$C:$C,A16,MAESTRO!$J:$J,"NO") -> 5 | E16: =COUNTIFS(MAESTRO!$C:$C,A16,MAESTRO!$J:$J,"PENDIENTE") -> 45 | F16: =IF(B16=0,0,C16/B16) -> 0.35064935
A17: ASMAR | B17: =COUNTIF(MAESTRO!$C:$C,A17) -> 3 | C17: =COUNTIFS(MAESTRO!$C:$C,A17,MAESTRO!$J:$J,"SI") -> 3 | D17: =COUNTIFS(MAESTRO!$C:$C,A17,MAESTRO!$J:$J,"NO") -> 0 | E17: =COUNTIFS(MAESTRO!$C:$C,A17,MAESTRO!$J:$J,"PENDIENTE") -> 0 | F17: =IF(B17=0,0,C17/B17) -> 1
A18: ASMAR DIRECCIÓN | B18: =COUNTIF(MAESTRO!$C:$C,A18) -> 25 | C18: =COUNTIFS(MAESTRO!$C:$C,A18,MAESTRO!$J:$J,"SI") -> 18 | D18: =COUNTIFS(MAESTRO!$C:$C,A18,MAESTRO!$J:$J,"NO") -> 0 | E18: =COUNTIFS(MAESTRO!$C:$C,A18,MAESTRO!$J:$J,"PENDIENTE") -> 7 | F18: =IF(B18=0,0,C18/B18) -> 0.72
A19: ASMAR VALP | B19: =COUNTIF(MAESTRO!$C:$C,A19) -> 10 | C19: =COUNTIFS(MAESTRO!$C:$C,A19,MAESTRO!$J:$J,"SI") -> 10 | D19: =COUNTIFS(MAESTRO!$C:$C,A19,MAESTRO!$J:$J,"NO") -> 0 | E19: =COUNTIFS(MAESTRO!$C:$C,A19,MAESTRO!$J:$J,"PENDIENTE") -> 0 | F19: =IF(B19=0,0,C19/B19) -> 1
A20: ASMAR TALC | B20: =COUNTIF(MAESTRO!$C:$C,A20) -> 72 | C20: =COUNTIFS(MAESTRO!$C:$C,A20,MAESTRO!$J:$J,"SI") -> 36 | D20: =COUNTIFS(MAESTRO!$C:$C,A20,MAESTRO!$J:$J,"NO") -> 1 | E20: =COUNTIFS(MAESTRO!$C:$C,A20,MAESTRO!$J:$J,"PENDIENTE") -> 35 | F20: =IF(B20=0,0,C20/B20) -> 0.5
A21: ASMAR MAG | B21: =COUNTIF(MAESTRO!$C:$C,A21) -> 8 | C21: =COUNTIFS(MAESTRO!$C:$C,A21,MAESTRO!$J:$J,"SI") -> 2 | D21: =COUNTIFS(MAESTRO!$C:$C,A21,MAESTRO!$J:$J,"NO") -> 0 | E21: =COUNTIFS(MAESTRO!$C:$C,A21,MAESTRO!$J:$J,"PENDIENTE") -> 6 | F21: =IF(B21=0,0,C21/B21) -> 0.25
A22: TOTAL GENERAL | B22: =SUM(B4:B21) -> 648 | C22: =SUM(C4:C21) -> 184 | D22: =SUM(D4:D21) -> 50 | E22: =SUM(E4:E21) -> 414 | F22: =IF(B22=0,0,C22/B22) -> 0.28395062
A25: CONTROL DE ASISTENCIA POR TRIBUNA
A27: TRIBUNA | B27: TOTAL INVITADOS | C27: SI | D27: NO | E27: PENDIENTE | F27: % CONF.
A28: VIP | B28: =COUNTIF(MAESTRO!$E:$E,A28) -> 352 | C28: =COUNTIFS(MAESTRO!$E:$E,A28,MAESTRO!$J:$J,"SI") -> 97 | D28: =COUNTIFS(MAESTRO!$E:$E,A28,MAESTRO!$J:$J,"NO") -> 34 | E28: =COUNTIFS(MAESTRO!$E:$E,A28,MAESTRO!$J:$J,"PENDIENTE") -> 221 | F28: =IF(B28=0,0,C28/B28) -> 0.27556818
A29: LATERAL | B29: =COUNTIF(MAESTRO!$E:$E,A29) -> 271 | C29: =COUNTIFS(MAESTRO!$E:$E,A29,MAESTRO!$J:$J,"SI") -> 85 | D29: =COUNTIFS(MAESTRO!$E:$E,A29,MAESTRO!$J:$J,"NO") -> 2 | E29: =COUNTIFS(MAESTRO!$E:$E,A29,MAESTRO!$J:$J,"PENDIENTE") -> 184 | F29: =IF(B29=0,0,C29/B29) -> 0.31365314
A30: ? | B30: =COUNTIF(MAESTRO!$E:$E,A30) -> 5 | C30: =COUNTIFS(MAESTRO!$E:$E,A30,MAESTRO!$J:$J,"SI") -> 1 | D30: =COUNTIFS(MAESTRO!$E:$E,A30,MAESTRO!$J:$J,"NO") -> 0 | E30: =COUNTIFS(MAESTRO!$E:$E,A30,MAESTRO!$J:$J,"PENDIENTE") -> 4 | F30: =IF(B30=0,0,C30/B30) -> 0.2
A31: TOTAL GENERAL | B31: =SUM(B28:B30) -> 628 | C31: =SUM(C28:C30) -> 183 | D31: =SUM(D28:D30) -> 36 | E31: =SUM(E28:E30) -> 409 | F31: =IF(B31=0,0,C31/B31) -> 0.29140127
